Map: Divergence LE

Players

antonskakun - Winner!

  • Race: Zerg Zerg
  • League: Gold
  • Spawn Location: 11:00

Avix - Winner!

  • Race: Terran Terran
  • League: Platinum
  • Spawn Location: 11:00

Massa

  • Race: Terran Terran
  • League: Gold
  • Spawn Location: 5:00

qqq

  • Race: Zerg Zerg
  • Spawn Location: 5:00

VOD

Have the link to the VOD?

Description

Time

  • Played on: June 29, 2020, 3:20 p.m.
  • Length: 12:06
Show
View Real Time Build Order
Export as new Build Order

antonskakun Zerg - Winner!

Build Orders: Hatch First 

Get SALT Encoding   

  12  0:07  Drone  
  13  0:09  Drone  
  14  0:45  Hatchery  
  14  0:48  Drone  
  14  0:54  Spawning Pool  
  13  0:59  Drone  
  14  1:07  Overlord  
  14  1:27  Drone x3  
  17  1:38  Overlord  
  17  1:49  Queen  
  17  1:52  Drone  
  20  1:55  Extractor  
  20  1:57  Drone  
  20  2:03  Queen  
  20  2:04  Drone  
  23  2:08  Drone  
  23  2:12  Drone  
  25  2:20  Drone  
  25  2:22  Drone  
  27  2:30  Zergling x2  
  27  2:32  Zergling x2  
  27  2:36  Spine Crawler  
  28  2:40  Queen  
  28  2:41  Spine Crawler  
  29  3:03  Zergling x2  
  29  3:04  Zergling x12  
  36  3:12  Zergling x2  
  35  3:23  Metabolic Boost  
  35  3:39  Overlord x2  
  35  3:40  Overlord  
  35  3:41  Overlord  
  27  4:06  Zergling x12  
  33  4:15  Lair  
  33  4:20  Extractor  
  33  4:23  Extractor, Drone  
  33  4:24  Drone  
  33  4:25  Extractor  
  32  4:41  Drone x4  
  36  4:46  Drone x3  
  39  5:13  Zergling x12  
  45  5:19  Evolution Chamber  
  44  5:24  Evolution Chamber  
  41  5:34  Spine Crawler  
  40  5:36  Spine Crawler  
  36  5:50  Zergling x2  
  36  5:51  Zergling x20  
  47  6:01  Zergling x4  
  46  6:24  Zergling x10  
  45  6:35  Zerg Melee Weapons Level 1, Zerg Ground Armor Level 1  
  45  6:44  Zergling x10  
  50  6:52  Hydralisk Den  
  49  7:16  Zergling x2  
  49  7:17  Zergling x10  
  55  7:30  Overseer  
  34  8:02  Hydralisk  
  34  8:03  Hydralisk x5  
  34  8:05  Zergling x2  
  43  8:06  Zergling x8  
  46  8:14  Hatchery  
  42  8:30  Grooved Spines  
  37  8:56  Drone, Zergling x2  
  37  8:57  Drone x7  
  46  9:13  Queen  
  48  9:41  Hydralisk  
  48  9:43  Zergling x18  
  48  9:44  Zergling x2  
  60  10:16  Hydralisk x3  
  66  10:24  Drone  
  66  10:25  Drone x6  
  73  10:31  Muscular Augments  
  73  10:36  Drone  
  73  10:37  Overlord  
  73  10:41  Overlord  
  58  11:21  Hydralisk x2  
  58  11:22  Hydralisk x5  
  70  11:36  Hydralisk x2  
Show
View Real Time Build Order
Export as new Build Order

Avix Terran - Winner!

Build Orders:  

Get SALT Encoding   

  12  0:01  SCV  
  13  0:13  SCV  
  14  0:18  Supply Depot  
  14  0:25  SCV  
  15  0:40  SCV  
  16  0:43  Barracks  
  16  0:46  Refinery  
  16  0:52  SCV  
  16  1:05  SCV  
  17  1:18  SCV  
  18  1:31  Orbital Command  
  18  1:33  Barracks Tech Lab  
  18  1:56  SCV  
  18  2:01  Stimpack  
  19  2:05  Command Center  
  19  2:10  Barracks  
  19  2:13  SCV  
  20  2:19  Marine  
  21  2:25  SCV  
  22  2:30  Supply Depot  
  21  2:42  SCV  
  22  2:44  Marine  
  23  2:55  SCV  
  23  3:02  Barracks Reactor  
  23  3:05  Barracks  
  23  3:07  SCV  
  23  3:08  Marine  
  23  3:09  Refinery  
  25  3:19  Orbital Command  
  25  3:24  SCV  
  25  3:27  Marine  
  27  3:36  SCV  
  27  3:40  Combat Shield  
  28  3:45  Factory, Marine x2  
  28  3:48  Marauder  
  32  3:51  SCV  
  33  3:56  Barracks Reactor  
  33  4:00  Supply Depot  
  33  4:04  SCV  
  34  4:13  Marauder  
  36  4:17  Barracks Tech Lab  
  36  4:19  SCV  
  37  4:27  SCV  
  38  4:32  Refinery  
  38  4:36  Supply Depot  
  38  4:38  Starport  
  38  4:39  Factory Reactor  
  38  4:40  SCV  
  39  4:51  Marauder  
  39  4:52  SCV  
  42  4:53  Marauder, Engineering Bay  
  42  4:58  Marine  
  42  4:59  Marine  
  46  5:00  SCV  
  46  5:04  SCV  
  46  5:05  Supply Depot  
  48  5:16  SCV  
  49  5:24  Marauder  
  49  5:25  Marauder, Marine x2  
  49  5:28  SCV  
  47  5:50  Medivac  
  47  5:51  Medivac  
  47  5:52  Marauder  
  47  5:53  Marauder, Marine x2  
  57  5:57  Terran Infantry Weapons Level 1  
  57  6:06  SCV  
  58  6:17  Marauder x2, Marine x2  
  64  6:20  Medivac, Supply Depot  
  64  6:21  Medivac  
  68  6:27  SCV  
  68  6:31  Refinery  
  69  6:36  Marine  
  70  6:42  SCV, Marauder x2, Marine  
  76  6:48  Supply Depot  
  76  6:52  Command Center  
  76  6:53  Medivac  
  76  6:54  SCV, Medivac  
  80  6:56  Marine  
  82  7:06  SCV  
  82  7:11  Supply Depot  
  82  7:18  SCV  
  83  7:31  Command Center  
  83  7:33  Command Center, Supply Depot  
  67  8:18  Marine x2  
  67  8:19  Marine x2  
  71  8:37  Marauder x2  
  75  8:58  Marauder  
  75  8:59  Marauder  
  79  9:14  Marine x2  
  81  9:18  Terran Infantry Armor Level 1  
  81  9:19  Marine  
  81  9:20  Marauder  
  84  9:33  Marine x2  
  84  9:38  Marauder  
  88  9:40  Orbital Command x2  
  88  9:41  Marauder  
  88  9:43  Factory Tech Lab  
  88  9:45  Medivac x2  
  94  9:52  SCV  
  95  9:59  Marauder  
  97  10:01  Marine x2  
  97  10:04  SCV, Marauder  
  102  10:19  Marine x2  
  102  10:21  Marauder  
  106  10:25  Marauder  
  108  10:36  Marine  
  108  10:37  Marine  
  108  10:42  Marauder  
  110  10:52  Marauder  
  110  10:54  Marine x2  
  108  11:03  Marauder  
  106  11:13  Marauder  
  108  11:20  SCV  
  108  11:25  Marauder  
  111  11:33  SCV  
  112  11:45  SCV  
Show
View Real Time Build Order
Export as new Build Order

Massa Terran 

Build Orders: Gas First Reaper Expand 

Get SALT Encoding   

  12  0:03  SCV  
  13  0:14  Supply Depot  
  13  0:18  SCV  
  14  0:28  Refinery  
  14  0:30  SCV  
  15  0:49  Barracks  
  15  0:50  SCV  
  16  1:02  SCV  
  17  1:16  SCV  
  18  1:27  Supply Depot  
  18  1:28  SCV  
  19  1:36  Reaper  
  20  2:08  Reaper  
  20  2:12  Command Center  
  21  3:14  SCV  
  22  3:26  SCV  
  23  3:29  SCV  
  24  3:37  Barracks  
  24  3:38  SCV  
  24  3:40  Factory  
  24  3:41  SCV  
  26  3:50  SCV  
  26  3:53  SCV  
  28  4:02  SCV  
  28  4:05  SCV  
  29  4:14  Marine  
  30  4:20  Orbital Command  
  30  4:25  Orbital Command  
  30  4:27  Factory Tech Lab  
  30  4:29  Barracks Tech Lab  
  29  4:32  Marine  
  29  4:33  Refinery  
  29  4:37  Barracks  
  30  4:43  Barracks  
  30  4:45  Starport  
  30  4:47  Siege Tank  
  30  4:49  Marine  
  34  4:53  SCV x2  
  36  5:05  SCV x2, Engineering Bay  
  38  5:10  Marauder  
  40  5:17  SCV x2  
  40  5:20  Barracks Tech Lab, Siege Tank  
  45  5:29  Refinery, SCV  
  46  5:45  Command Center  
  46  5:46  Supply Depot  
  46  5:47  Supply Depot  
  46  5:50  Missile Turret  
  46  5:53  Missile Turret  
  46  5:56  Supply Depot  
  46  6:00  Barracks Tech Lab  
  46  6:07  SCV x2, Medivac  
  46  6:08  Siege Tank  
  52  6:20  SCV  
  53  6:35  Marauder x3  
  53  6:36  Marine  
  60  6:44  Liberator  
  63  6:53  Marine  
  64  6:56  Marauder, Marine x2  
  68  7:02  SCV x2  
  70  7:14  SCV x2  
  72  7:18  Orbital Command  
  72  7:26  SCV x2  
  72  7:29  Marauder  
  80  7:30  Marauder x2  
  80  7:36  Barracks Reactor  
  80  7:38  SCV x2  
  80  7:43  Stimpack  
  82  7:50  SCV  
  82  7:51  Marauder  
  85  7:59  SCV  
  85  8:00  Marauder  
  85  8:02  Marauder  
  85  8:03  SCV  
  82  8:12  Marauder  
  72  8:18  Marine  
  72  8:19  Marine  
  70  8:22  Marauder  
  70  8:24  Marauder  
  71  9:36  Command Center  
  71  9:39  Combat Shield  
  71  9:40  Concussive Shells  
  71  9:44  Command Center  
  71  9:49  Supply Depot  
  71  9:50  Supply Depot  
  71  9:51  Supply Depot  
  71  10:11  SCV x2, Marauder x2, Marine x3, Medivac  
  71  10:12  Supply Depot  
  82  10:16  Supply Depot  
  82  10:17  Missile Turret  
  82  10:18  Supply Depot  
  82  10:23  SCV x2  
  84  10:29  Marine x3  
  84  10:33  Marauder x2  
  91  10:35  SCV x2  
  91  10:36  Supply Depot  
  91  10:37  Missile Turret  
  91  10:40  Supply Depot  
  91  10:41  Medivac  
  95  10:43  Supply Depot  
  95  10:46  Marine x2  
  95  10:47  SCV x2, Marauder  
  95  10:49  Command Center  
  101  10:54  Marauder x2  
  105  10:59  Supply Depot  
  105  11:00  SCV x2  
  107  11:04  Marine x2  
  107  11:06  Missile Turret  
  107  11:07  Planetary Fortress  
  107  11:08  Marauder  
  111  11:12  SCV x2  
  111  11:15  Orbital Command, Marauder x2  
  117  11:22  Marine x2  
  117  11:24  SCV x2  
  121  11:26  Missile Turret  
  121  11:30  Marauder  
  126  11:34  Factory  
  126  11:36  SCV x2, Marine  
  122  11:40  Marine x2  
  122  11:46  Missile Turret  
  102  11:48  SCV x2  
Show
View Real Time Build Order
Export as new Build Order

qqq Zerg 

Build Orders: Hatch First, Zergling Baneling 

Get SALT Encoding   

  12  0:02  Drone  
  13  0:11  Drone  
  14  0:38  Hatchery  
  13  0:45  Overlord  
  13  0:47  Drone  
  14  1:02  Extractor  
  13  1:05  Spawning Pool  
  12  1:13  Drone  
  12  1:14  Drone  
  12  1:18  Drone  
  15  1:25  Drone  
  16  1:40  Drone  
  16  1:46  Drone  
  18  1:52  Queen  
  20  1:56  Overlord  
  20  1:58  Drone  
  21  2:05  Drone  
  22  2:10  Zergling x2  
  22  2:12  Metabolic Boost  
  24  2:15  Drone  
  24  2:19  Zergling x2  
  25  2:27  Baneling Nest  
  25  2:29  Drone  
  25  2:33  Drone  
  25  2:35  Zergling x2  
  27  2:45  Zergling x2  
  27  2:46  Drone  
  29  2:57  Zergling x2  
  30  2:59  Zergling x2  
  30  3:00  Queen  
  30  3:03  Zergling x2  
  30  3:04  Overlord  
  34  3:06  Zergling x2  
  34  3:11  Baneling  
  34  3:12  Baneling  
  35  3:13  Baneling x2  
  35  3:15  Baneling  
  35  3:24  Zergling x2  
  35  3:25  Zergling x2  
  35  3:26  Zergling x2  
  38  3:33  Drone, Roach Warren  
  30  4:04  Zergling x8  
  30  4:05  Drone, Zergling x4  
  37  4:12  Drone x2  
  37  4:13  Zergling x2  
  40  4:27  Zergling x2  
  41  4:36  Roach  
  43  4:39  Hatchery  
  43  4:41  Overlord x2  
  43  4:43  Overlord  
  43  4:44  Overlord  
  42  4:47  Baneling x4  
  42  4:48  Baneling  
  42  4:55  Lair  
  44  5:00  Roach  
  44  5:01  Roach  
  44  5:03  Drone  
  47  5:12  Roach  
  47  5:13  Overlord  
  49  5:14  Zergling x2  
  49  5:16  Drone  
  51  5:30  Roach x2  
  51  5:31  Drone  
  51  5:32  Drone x2  
  45  5:59  Baneling x2  
  45  6:02  Zergling x10  
  45  6:03  Zergling x6  
  51  6:24  Roach x2  
  53  6:31  Drone x3  
  53  6:32  Drone  
  57  6:43  Drone  
  57  6:45  Roach  
  60  6:57  Roach x2  
  60  6:58  Roach x3  
  70  7:10  Roach  
  70  7:11  Drone x3  
  75  7:24  Spore Crawler  
  75  7:28  Spore Crawler  
  75  7:29  Drone x3, Spore Crawler  
  75  7:30  Spore Crawler  
  75  7:32  Spine Crawler  
  65  7:44  Roach x3  
  65  7:45  Roach  
  65  7:46  Zergling x6  
  50  8:16  Roach x3  
  54  8:30  Extractor  
  55  8:34  Drone x3  
  55  8:36  Extractor  
  55  8:50  Roach x3  
  55  8:51  Roach  
  53  9:04  Drone  
  53  9:05  Drone  
  53  9:17  Drone  
  54  9:41  Extractor  
  53  9:46  Drone x3  
  53  9:48  Roach x3  
  53  9:52  Hatchery  
  61  9:56  Infestation Pit  
  60  10:00  Zergling x2, Evolution Chamber  
  60  10:06  Hatchery  
  59  10:12  Zergling x6  
  62  10:19  Zergling x2  
  63  10:32  Drone x2, Hatchery  
  63  10:33  Hive  
  63  10:35  Hatchery  
  63  10:42  Hatchery  
  62  10:53  Zergling x8  
  62  10:56  Roach  
  68  11:11  Roach x2  
  55  11:12  Drone  
  45  11:31  Roach x2  
  45  11:32  Drone, Spine Crawler, Roach x2  
  53  11:33  Drone, Roach x2  
  57  11:45  Roach x3  
  57  11:46  Roach x2  
Tags
 
Add a new tag
Caveats
  • Supply blocks, unpowered buildings, or Contaminate may cause inaccurate times.
  • Supply counts are checked every 10 seconds.